 Dungeon Crawl Stone Soup version 0.27.1-33-g824d729ab1 (webtiles) character file.

Game seed: 10648113334094437722

92 DearestLeader the Covered (level 4, -13/38 HPs)
             Began as a Gnoll Wanderer on Nov 26, 2021.
             Killed by divine providence
             ... invoked by an orc priest
              (16 damage)
             ... on level 3 of the Dungeon.
             The game lasted 00:05:03 (2356 turns).

DearestLeader the Covered (Gnoll Wanderer)          Turns: 2356, Time: 00:05:04

Health: -13/38     AC: 12    Str: 11    XL:     4   Next: 60%
Magic:  5/5        EV:  9    Int: 11    God:
Gold:   105        SH:  0    Dex: 13    Spells: 5/5 levels left

rFire    . . .     SeeInvis .   j - +4 dagger (speed)
rCold    . . .     Faith    .   (no shield)
rNeg     + . .     Spirit   .   k - +0 pearl dragon scales
rPois    .         Reflect  .   (no helmet)
rElec    .         Harm     .   (no cloak)
rCorr    .         Rampage  .   (no gloves)
Will     .....                  (no boots)
Stlth    +.........             (no amulet)
HPRegen  0.12/turn              (no ring)
MPRegen  0.09/turn              (no ring)

@: flying
A: fangs 1, strong nose, distributed training
a: no special abilities


You were on level 3 of the Dungeon.
You visited 1 branch of the dungeon, and saw 3 of its levels.

You collected 105 gold pieces.

Inventory:

Hand Weapons
 a - a +0 dagger
 e - a +0 short sword
 h - a +0 rapier
 j - a +4 dagger of speed (weapon)
Armour
 d - a +2 scale mail
 k - +0 pearl dragon scales (worn)
Scrolls
 f - a scroll of identify {unknown}
Potions
 b - 3 potions of lignification
 i - a potion of heal wounds {unknown}


   Skills:
 + Level 4.6 Fighting
 + Level 1.2 Short Blades
 + Level 1.2 Long Blades
 + Level 1.2 Axes
 + Level 1.2 Maces & Flails
 + Level 2.8 Polearms
 + Level 1.2 Staves
 + Level 1.2 Slings
 + Level 1.2 Bows
 + Level 2.8 Crossbows
 + Level 2.8 Throwing
 + Level 4.6 Armour
 + Level 2.8 Dodging
 + Level 4.3 Stealth
 + Level 1.2 Shields
 + Level 1.2 Unarmed Combat
 + Level 1.2 Spellcasting
 + Level 1.0 Conjurations
 + Level 1.0 Hexes
 + Level 1.0 Summonings
 + Level 1.0 Necromancy
 + Level 1.0 Translocations
 + Level 1.0 Transmutations
 + Level 1.0 Fire Magic
 + Level 1.0 Ice Magic
 + Level 1.0 Air Magic
 + Level 1.0 Earth Magic
 + Level 1.0 Poison Magic
 + Level 1.3 Invocations
 + Level 1.2 Evocations


You had 5 spell levels left.
You didn't know any spells.
Your spell library contained the following spells:

 Spells                   Type           Power      Damage    Failure   Level
 Pain                     Necr           8%         1d4       83%         1
 Conjure Flame            Conj/Fire      2%         6-21      99%         3
 Ignite Poison            Fire/Tmut/Pois 2%         N/A       99%         3
 Stone Arrow              Conj/Erth      4%         3d7       99%         3
 Sticky Flame             Conj/Fire      2%         2d3       100%        4
 Agony                    Necr           2%         N/A       100%        5
 Bolt of Magma            Conj/Fire/Erth 1%         4d4       100%        5
 Excruciating Wounds      Necr           1%         N/A       100%        5
 Shatter                  Erth           1%         3d5*      100%        9


Dungeon Overview and Level Annotations

Branches:
Dungeon (3/15)

Altars:

Annotations:
D:3 Ijyb


Innate Abilities, Weirdness & Mutations

You have very sharp teeth.
Your uncanny sense of smell can sniff out nearby items.
Your experience applies equally to all skills.


Message History

You see here a rat corpse.
You feel sick.
The orc priest miscasts a cantrip.
You feel sick.
You feel sick.
You are no longer poisoned.
Ijyb zaps a wand.
The puff of flame hits you.
The orc throws a poisoned dart.
The poisoned dart hits you!
You are poisoned.
You feel sick.
Ijyb zaps a wand.
The puff of flame hits you but does no damage.
You feel sick.
You feel sick.
You feel sick.
The orc wizard hits you but does no damage.
You feel sick.
Ijyb zaps a wand.
The puff of flame hits you but does no damage.
The orc priest looks braver for a moment.
You feel sick.
You feel sick.
You are no longer poisoned.
The orc priest casts a cantrip, but nothing happens.
The orc wizard casts a spell at you.
The magic dart hits you but does no damage.
The orc wizard casts a spell at you.
You are confused.
The orc priest invokes the aid of Beogh against you.
Pain shoots through your body!
* * * LOW HITPOINT WARNING * * *
You are too confused!
You feel better.
The orc priest mumbles some strange prayers to Beogh against you.
Beogh smites you!
* * * LOW HITPOINT WARNING * * *
It was a potion of flight.
You feel very buoyant.
You fly up into the air.
The orc priest calls down the wrath of Beogh upon you.
Beogh smites you!
You die...

......................
.....####....#.##.....
#..#######.#.###....
#......###....##.###
#.............##.#
######.###....##.#
#######.###.#.###.##
#.........#.#......
#...@.....#.#.###.#
#...o.....#.#[###.###
#...##.......<.......
#########...##.....<.........
.....[..#.go##...............
........#.oo##...............
........#...##...............
........#...##...............
...........g.#...............


You could see Ijyb, an orc priest, an orc wizard and 2 orcs.

Vanquished Creatures
  2 adders (D:2)
  A gnoll (D:1)
  A worm (D:2)
  2 dart slugs
  2 orcs
  6 endoplasms
  4 goblins
  7 hobgoblins
  4 kobolds
  2 quokkas (D:3)
  8 ball pythons
  6 bats
  4 frilled lizards
  5 rats
54 creatures vanquished.

Notes
Turn   | Place    | Note
-------+----------+-------------------------------------------
     0 | D:1      | DearestLeader the Gnoll Wanderer began the quest for the
                  | Orb.
     0 | D:1      | DearestLeader set off with the following items: a +0
                  | dagger, a potion of lignification, a potion of curing, a +2
                  | scale mail
     0 | D:1      | Reached XP level 1. HP: 20/20 MP: 1/1
   399 | D:1      | Reached XP level 2. HP: 21/26 MP: 2/2
   676 | D:1      | You fall into a shaft and drop 1 floor!
   761 | D:2      | Reached XP level 3. HP: 27/31 MP: 3/3
  1052 | D:2      | Reached skill level 1 in Invocations
  1511 | D:3      | Reached skill level 1 in Short Blades
  1511 | D:3      | Reached skill level 1 in Long Blades
  1511 | D:3      | Reached skill level 1 in Axes
  1511 | D:3      | Reached skill level 1 in Maces & Flails
  1511 | D:3      | Reached skill level 1 in Staves
  1511 | D:3      | Reached skill level 1 in Slings
  1511 | D:3      | Reached skill level 1 in Bows
  1511 | D:3      | Reached skill level 1 in Shields
  1511 | D:3      | Reached skill level 1 in Unarmed Combat
  1511 | D:3      | Reached skill level 1 in Spellcasting
  1511 | D:3      | Reached skill level 1 in Evocations
  1607 | D:1      | Reached XP level 4. HP: 24/38 MP: 5/5
  1925 | D:1      | Found a faded altar of an unknown god.
  2258 | D:3      | Reached skill level 1 in Conjurations
  2258 | D:3      | Reached skill level 1 in Hexes
  2258 | D:3      | Reached skill level 1 in Summonings
  2258 | D:3      | Reached skill level 1 in Necromancy
  2258 | D:3      | Reached skill level 1 in Translocations
  2258 | D:3      | Reached skill level 1 in Transmutations
  2258 | D:3      | Reached skill level 1 in Fire Magic
  2258 | D:3      | Reached skill level 1 in Ice Magic
  2258 | D:3      | Reached skill level 1 in Air Magic
  2258 | D:3      | Reached skill level 1 in Earth Magic
  2258 | D:3      | Reached skill level 1 in Poison Magic
  2320 | D:3      | Noticed Ijyb
  2356 | D:3      | Killed from afar by an orc priest

Illustrated notes

Levels and vault maps discovered:
D:1:      nzn_arrival_depleted_hourglass, layout_rooms,
          hellmonk_ecumenical_altar_blasted
D:2:      layout_basic, minmay_misc_feat_pillars
D:3:      cheibrodos_pilgrimage, layout_basic, uniq_ijyb, uniq_sigmund

Skill      XL: |  1  2  3  4 |
---------------+-------------+-----
Invocations    | 1 |  1.3
Short Blades   | 1 |  1.2
Long Blades    | 1 |  1.2
Axes           | 1 |  1.2
Maces & Flails | 1 |  1.2
Staves         | 1 |  1.2
Slings         | 1 |  1.2
Bows           | 1 |  1.2
Shields        | 1 |  1.2
Unarmed Combat | 1 |  1.2
Spellcasting   | 1 |  1.2
Evocations     | 1 |  1.2
Conjurations   | 1 |  1.0
Hexes          | 1 |  1.0
Summonings     | 1 |  1.0
Necromancy     | 1 |  1.0
Translocations | 1 |  1.0
Transmutations | 1 |  1.0
Fire Magic     | 1 |  1.0
Ice Magic      | 1 |  1.0
Air Magic      | 1 |  1.0
Earth Magic    | 1 |  1.0
Poison Magic   | 1 |  1.0
Fighting       | |  4.6
Polearms       | |  2.8
Crossbows      | |  2.8
Throwing       | |  2.8
Armour         | |  4.6
Dodging        | |  2.8
Stealth        | |  4.3

Action                   |  1- 3 |  4- 6 || total
-------------------------+-------+-------++-------
Melee: Dagger            |    50 |    69 ||   119
       Short sword       |    67 |       ||    67
       Bite              |     4 |     3 ||     7
       Rapier            |    14 |       ||    14
  Use: Potion            |       |     2 ||     2
       Scroll            |       |     1 ||     1
 Stab: Sleeping          |     1 |       ||     1
Armor: Scale mail        |    89 |    10 ||    99
       Pearl dragon scal |       |    13 ||    13
Dodge: Dodged            |    74 |    31 ||   105
